 Dungeon Crawl Stone Soup version 0.28-a0-1130-gc51a68064b (webtiles) character file.

Game seed: 1224075672234210435

11419 ducksouse the Fighter (level 11, -1/89 HPs)
             Began as a Minotaur Fighter on Dec 12, 2021.
             Was an Elder of Hepliaklqana.
             Slain by a yak (10 damage)
             ... led by a torpor snail
             ... on level 2 of the Lair of Beasts on Dec 13, 2021.
             The game lasted 00:39:52 (13245 turns).

ducksouse the Fighter (Minotaur Fighter)           Turns: 13245, Time: 00:39:53

Health: -1/89      AC: 15    Str: 26    XL:     11   Next: 49%
Magic:  13/13      EV: 14    Int:  5    God:    Hepliaklqana [****..]
Gold:   386        SH: 10    Dex:  9    Spells: 10/10 levels left

rFire   . . .      SeeInvis .   p - +5 hand axe (elec)
rCold   . . .      Faith    .   N - +0 kite shield
rNeg    . . .      Spirit   .   x - +1 chain mail {Will+}
rPois   .          Reflect  .   (helmet restricted)
rElec   .          Harm     .   K - +0 cloak {Stlth+}
rCorr   .          Rampage  .   L - +0 pair of gloves
Will    +....                   (no boots)
Stlth   ..........              M - amulet of the acrobat
HPRegen 0.24/turn               q - +4 ring of evasion
MPRegen 0.13/turn               (no ring)

@: lethally poisoned (-1 -> -17), slowed, very slow
A: reduced essence, horns 2, retaliatory headbutt
a: Renounce Religion, Recall Ancestor, Ancestor Identity, Transference, Idealise


You were on level 2 of the Lair of Beasts.
You worshipped Hepliaklqana.
Hepliaklqana was greatly pleased with you.
You visited 2 branches of the dungeon, and saw 11 of its levels.

You collected 537 gold pieces.
You spent 151 gold pieces at shops.

Inventory:

Hand Weapons
 f - a +5 mace
 p - a +5 hand axe of electrocution (weapon)
Missiles
 w - 3 boomerangs
 y - 6 javelins (quivered)
 C - 2 throwing nets
Armour
 c - a +0 buckler
 x - a +1 chain mail of willpower (worn)
 K - a +0 cloak of stealth (worn)
 L - a +0 pair of gloves (worn)
 N - a +0 kite shield (worn)
Magical Staves
 e - a staff of conjuration
Jewellery
 q - a +4 ring of evasion (left hand)
 v - a ring of willpower
 B - an amulet of magic regeneration
 M - an amulet of the acrobat (around neck)
Wands
 d - a wand of iceblast (3)
 r - a wand of digging (17)
 s - a wand of charming (6)
 I - a wand of flame (22)
Scrolls
 a - a scroll of holy word {unknown}
 b - 3 scrolls of vulnerability
 h - 3 scrolls of teleportation
 j - 4 scrolls of fear
 k - a scroll of fog
 l - a scroll of noise {unknown}
 m - a scroll of summoning {unknown}
 o - a scroll of brand weapon {unknown}
 E - a scroll of amnesia {unknown}
 F - a scroll of blinking {unknown}
 G - a scroll of torment {unknown}
 H - 3 scrolls of immolation
 O - a scroll of enchant armour {unknown}
Potions
 i - 2 potions of mutation {unknown}
 n - a potion of invisibility {unknown}
 t - 2 potions of ambrosia {unknown}
 u - a potion of lignification
 z - 3 potions of heal wounds
 A - 2 potions of flight {unknown}


   Skills:
 + Level 10.0 Fighting
 - Level 8.0 Long Blades
 + Level 8.7 Axes
 + Level 9.8 Armour
 + Level 7.9 Dodging
 + Level 9.7 Shields
 + Level 4.0 Invocations


You had 10 spell levels left.
You didn't know any spells.
Your spell library contained the following spells:

 Spells                   Type           Power      Damage    Failure   Level
 Ignite Poison            Fire/Tmut/Pois 0%         N/A       100%        3
 Mephitic Cloud           Conj/Pois/Air  0%         N/A       100%        3
 Freezing Cloud           Conj/Ice/Air   0%         6-21      100%        5


Dungeon Overview and Level Annotations

Branches:
Dungeon (9/15)             Temple (0/1) D:6            Lair (2/6) D:9
  Swamp: Lair:2-4    Shoals: Lair:2-4     Snake: Lair:2-4    Spider: Lair:2-4
    Orc: D:9-12

Altars:
Ashenzari
Elyvilon
Fedhas
Hepliaklqana
Nemelex Xobeh
Okawaru
Ru
Uskayaw
Wu Jian

Shops:
D:7 **([[


Innate Abilities, Weirdness & Mutations

Your life essence is reduced to manifest your ancestor. (-10% HP)
You have a pair of horns on your head.
You reflexively headbutt those who attack you in melee.


Message History

The yak barely misses you. The yak gores you but does no damage.
The cane toad stings you.
You are more poisoned.
The cane toad poisons you!
You feel extremely sick.
Octavius hits the torpor snail with a +0 quarterstaff!!
The yak gores Octavius!
The torpor snail bites Octavius!
Octavius hits the yak with a +0 quarterstaff!
There is a stone staircase leading up here.
You hit the cane toad.
The cane toad is moderately wounded.
You slash the yak! You barely miss the yak.
You feel extremely sick. The cane toad stings you!
* * * LOW HITPOINT WARNING * * *
You are more poisoned.
The cane toad poisons you!
The blink frog blinks!
The yak gores Octavius.
The yak closely misses you. The yak gores you but does no damage.
The cane toad barely misses you.
The torpor snail bites Octavius!!
Octavius is destroyed!
The blink frog hits you but does no damage.
The yak gores you.
* * * LOW HITPOINT WARNING * * *
You block the yak's attack.
You feel much better.
* * * LOW HITPOINT WARNING * * *
You feel extremely sick. You block the cane toad's attack.
The blink frog barely misses you. You furiously retaliate!
You headbutt the blink frog. The yak misses you. You furiously retaliate!
You headbutt the yak! You block the yak's attack. The yak gores you!
* * * LOW HITPOINT WARNING * * *
The cane toad completely misses you. You furiously retaliate!
You headbutt the cane toad. You block the blink frog's attack.
* * * LOW HITPOINT WARNING * * *
You feel extremely sick. You block the blink frog's attack.
The cane toad misses you. The yak closely misses you. You furiously retaliate!
You headbutt the yak. The yak gores you but does no damage. The yak gores you!
You die...

.........#§§§#..
.........≈§§§#.#
##.......§§≈§#..
#P.......#≈§≈...
.P.......§§≈≈P..
.........§####..
.......Y.####...
.#....DF@#####..
#.....†YYF###P.P
##......w.####..
#.......#####.#
#.........P...#
###.#.###P.P..#
#### ######


You could see a four-headed hydra, a torpor snail, 3 yaks, a cane toad and a
blink frog.

Vanquished Creatures
  3 death yaks (D:9)
  The ghost of ZenithNebula the Summoner, a novice OpSu of Sif Muna (D:9)
  A cane toad (Lair:1)
  A komodo dragon (Lair:1)
  A hornet (D:7)
  Grinder (D:4)
  11 yaks
  An acid dragon (D:9)
  2 water moccasins
  3 orc warriors
  2 ice beasts (D:6)
  2 sky beasts
  3 necrophages
  3 ogres
  2 centaurs
  A bullfrog (D:7)
  A scorpion (D:6)
  A jelly (D:4)
  4 killer bees
  6 wights
  Crazy Yiuf (D:6)
  A centaur skeleton (D:7)
  3 orc priests (D:4)
  A bullfrog skeleton (D:6)
  2 hounds
  5 orc wizards
  10 iguanas
  Natasha (D:3)
  A scorpion zombie (D:5)
  A howler monkey zombie (D:5)
  8 adders
  13 gnolls
  A howler monkey skeleton (D:4)
  An ufetubus (D:5)
  3 worms
  2 dart slugs
  21 orcs
  11 ball pythons
  2 bats (D:1)
  5 endoplasms
  2 giant cockroaches (D:3)
  5 goblins
  10 hobgoblins
  2 jackals (D:3)
  7 quokkas
  3 frilled lizards
  8 kobolds
  3 rats (D:1)
183 creatures vanquished.

Vanquished Creatures (collateral kills)
  2 death yaks
  A cane toad (Lair:1)
  9 yaks
  2 water moccasins (Lair:1)
  2 ogres
  A sky beast (D:8)
  A bullfrog (Lair:1)
  3 wights
  An orc wizard (D:6)
  4 gnolls
  A howler monkey skeleton (D:7)
  An adder (D:6)
28 creatures vanquished.

Vanquished Creatures (others)
  4 battlemagi
  An ancestor (D:7)
  10 fungi
15 creatures vanquished.

Grand Total: 226 creatures vanquished

Notes
Turn   | Place    | Note
-------+----------+-------------------------------------------
     0 | D:1      | ducksouse the Minotaur Fighter began the quest for the Orb.
     0 | D:1      | Reached XP level 1. HP: 19/19 MP: 0/0
   407 | D:1      | Reached XP level 2. HP: 27/27 MP: 1/1
   751 | D:2      | Reached skill level 4 in Fighting
  1029 | D:2      | Reached XP level 3. HP: 33/33 MP: 2/2
  1353 | D:2      | Found a faded altar of an unknown god.
  1728 | D:3      | Reached XP level 4. HP: 40/40 MP: 3/3
  1732 | D:3      | Found an iron altar of Okawaru.
  1797 | D:3      | Found a sacrificial altar of Ru.
  1922 | D:3      | Noticed Natasha
  1934 | D:3      | Killed Natasha
  1996 | D:3      | Found a hazy altar of Hepliaklqana.
  2001 | D:3      | Became a worshipper of Hepliaklqana the Forgotten
  2196 | D:4      | Found a hide-covered altar of Uskayaw.
  2301 | D:4      | Reached skill level 1 in Axes
  2494 | D:4      | Noticed an orc warrior
  2897 | D:4      | Reached XP level 5. HP: 47/47 MP: 4/4
  2964 | D:4      | Reached skill level 1 in Dodging
  3223 | D:4      | Reached XP level 6. HP: 55/55 MP: 5/5
  3258 | D:4      | Noticed a sky beast
  3275 | D:4      | Reached skill level 5 in Armour
  3275 | D:4      | Reached skill level 5 in Shields
  3287 | D:4      | Reached skill level 5 in Fighting
  3658 | D:4      | Killed an orc warrior
  3792 | D:4      | Killed a sky beast
  3793 | D:4      | Reached XP level 7. HP: 38/61 MP: 6/6
  3980 | D:4      | Noticed Grinder
  3989 | D:4      | Killed Grinder
  4061 | D:4      | Reached skill level 5 in Long Blades
  4894 | D:5      | Entered Level 5 of the Dungeon
  5002 | D:5      | Reached skill level 6 in Fighting
  5002 | D:5      | Reached XP level 8. HP: 64/70 MP: 7/7
  5334 | D:5      | Reached * piety under Hepliaklqana
  6144 | D:6      | Found an ornate altar of the Wu Jian Council.
  6174 | D:6      | Reached skill level 5 in Axes
  6244 | D:6      | Found a broken altar of Ashenzari.
  6261 | D:6      | Reached skill level 7 in Fighting
  6391 | D:6      | Reached XP level 9. HP: 61/71 MP: 8/8
  6730 | D:6      | Reached skill level 5 in Dodging
  6748 | D:6      | Found a staircase to the Ecumenical Temple.
  7023 | D:6      | Found a runed translucent door.
  7024 | D:6      | Noticed Crazy Yiuf
  7039 | D:6      | Killed Crazy Yiuf
  7194 | D:7      | Found Fysues's Armour Shop.
  7199 | D:7      | Bought a +0 pair of gloves for 54 gold pieces
  7220 | D:7      | Reached ** piety under Hepliaklqana
  7246 | D:7      | Found Sutihang's Armour Shop.
  7279 | D:7      | Found Othrikue's Weapon Emporium.
  7327 | D:7      | Found Otuphal's Assorted Antiques.
  7377 | D:7      | Found Damip's General Store.
  7398 | D:7      | Bought a scroll of identify for 30 gold pieces
  7398 | D:7      | Bought a +0 kite shield for 67 gold pieces
  7584 | D:7      | Found a blossoming altar of Fedhas.
  7819 | D:7      | Remembered your ancestor Octavius as a battlemage
  7928 | D:8      | Reached skill level 8 in Fighting
  8055 | D:8      | You fall into a shaft and drop 1 floor!
  8060 | D:9      | Reached *** piety under Hepliaklqana
  8080 | D:9      | Found a white marble altar of Elyvilon.
  8120 | D:9      | Found a sparkling altar of Nemelex Xobeh.
  8652 | D:9      | Noticed a death yak
  8653 | D:9      | Found a staircase to the Lair.
  8653 | D:9      | Noticed a death yak
  8655 | D:9      | Noticed a death yak
  8656 | D:9      | Noticed a death yak
  8659 | D:9      | Noticed a death yak
  8691 | D:8      | HP: 4/108 [death yak (4)]
  8693 | D:8      | Killed a death yak
  8694 | D:8      | Reached XP level 10. HP: 6/79 MP: 9/9
  9705 | D:9      | Found a runed translucent door.
 10365 | D:9      | Killed a death yak
 10366 | D:9      | Reached skill level 1 in Invocations
 10378 | D:9      | Killed a death yak
 10379 | D:9      | Reached skill level 9 in Fighting
 10386 | D:9      | Killed a death yak
 10388 | D:9      | Killed a death yak
 10389 | D:9      | Reached XP level 11. HP: 53/87 MP: 11/11
 11388 | D:9      | Noticed ZenithNebula's ghost (novice OpSu)
 11410 | D:9      | Killed ZenithNebula's ghost
 11664 | Lair:1   | Entered Level 1 of the Lair of Beasts
 12268 | Lair:1   | Reached **** piety under Hepliaklqana
 12487 | Lair:1   | Reached skill level 10 in Fighting
 13240 | Lair:2   | Noticed a four-headed hydra
 13245 | Lair:2   | Slain by a yak

Illustrated notes

Levels and vault maps discovered:
D:1:      nicolae_arrival_somewhat_less_tricky_arrival, layout_rooms,
          nrook_uturn, nrook_mini_backslash, minmay_pentomino_t4
D:2:      layout_loops_ring, shapermc_ecumenical_altar_ellora,
          corexii_corridor_pit
D:3:      layout_rooms, nicolae_ru_the_path_less_chosen,
          nicolae_hepliaklqana_hippocampus, mainiacjoe_overflow_six_doors_small,
          uniq_natasha
D:4:      layout_basic, nicolae_uskayaw_dance_hall, serial_aquarium,
          aquarium_bridge_square [aquarium_subvault_balcony,
          aquarium_subvault_window, aquarium_subvault_window,
          aquarium_subvault_bridge], aquarium_window_3, aquarium_window_fake,
          aquarium_window_1, aquarium_view_2e, aquarium_balcony_3a,
          aquarium_pool_side, minmay_statues_item, minmay_joined_circles,
          uniq_grinder
D:5:      layout_basic
D:6:      layout_basic, nicolae_wu_jian_wuxing_cycle,
          nicolae_overflow_crystal_walls, minmay_temple_entry_mist,
          minmay_diced_spiral, uniq_crazy_yiuf_cottage
D:7:      layout_rooms, fedhas_altar_1, serial_shops, shop,
          nicolae_stop_n_shop_1, nicolae_stop_n_shop_2, nicolae_take_the_stairs,
          shop, hex_medium
D:8:      layout_rooms, kennysheep_nub, dk_vineyard_3
D:9:      layout_stronghold, mainiacjoe_overflow_catwalk_spiral,
          dpeg_lair_monsters, gammafunk_ghost_grave
Lair:1:   layout_hall_layers
Lair:2:   beast_lair_carwin_large_3, layout_gridlike, shoals_dummy_entry

Skill      XL: |  1  2  3  4  5  6  7  8  9 10 11 |
---------------+----------------------------------+-----
Fighting       | 4 5 6 7 8 9 10 | 10.0
Armour         | 4 5 6 7 8 9 |  9.8
Shields        | 4 5 6 8 9 |  9.7
Long Blades    | 3 4 5 6 7 8 |  8.0
Axes           | 1 2 3 5 6 8 |  8.7
Dodging        | 1 2 3 4 6 7 |  7.9
Invocations    | 2 4 |  4.0

Action                   |  1- 3 |  4- 6 |  7- 9 | 10-12 || total
-------------------------+-------+-------+-------+-------++-------
Melee: Long sword        |    66 |       |       |       ||    66
       Headbutt          |    10 |    13 |    51 |    20 ||    94
       Hand axe          |    14 |   103 |   267 |   110 ||   494
Throw: Javelin           |       |       |       |    16 ||    16
       Boomerang         |       |       |       |     7 ||     7
Invok: Ancestor Life: Ba |       |       |     1 |       ||     1
  Use: Scroll            |       |     2 |     7 |     4 ||    13
       Potion            |       |     1 |     6 |     3 ||    10
Armor: Scale mail        |    43 |     7 |       |       ||    50
       Chain mail        |       |    35 |    87 |    36 ||   158
       Skin              |       |       |     4 |       ||     4
Dodge: Dodged            |    36 |    55 |   135 |    76 ||   302
Block: Buckler           |    13 |    22 |    44 |       ||    79
       Kite shield       |       |       |    33 |    67 ||   100

Table legend: (Time is in decaauts)
 A = Elapsed time spent in this place.
 B = Non-inter-level travel time spent in this place.
 C = Inter-level travel time spent in this place.
 D = Time resting spent in this place.
 E = Time spent auto-exploring this place.
 F = Levels seen in this place.
 G = Mean time per level.
                   A        B        C        D        E       F      G
               +--------+--------+--------+--------+--------+-----+--------+
         Total |  13377 |  12950 |    427 |   3923 |   6016 |  11 | 1216.1 |
       Dungeon |  11794 |  11385 |    409 |   3199 |   5676 |   9 | 1310.4 |
          Lair |   1583 |   1565 |     18 |    724 |    340 |   2 |  791.5 |
               +--------+--------+--------+--------+--------+-----+--------+

Top non-repeatable levels by time:
     D:4: 2848 daAuts
     D:9: 2842 daAuts
  Lair:1: 1569 daAuts
     D:6: 1221 daAuts
     D:5: 1089 daAuts
     D:8: 1040 daAuts
     D:1: 749 daAuts
     D:2: 693 daAuts
     D:3: 671 daAuts
     D:7: 636 daAuts
  Lair:2: 14 daAuts
